 Dungeon Crawl Stone Soup version 0.30.0-10-gfe55d96785 (webtiles) character file.

Game seed: 10431788153649787970

9899 qeuew the Protected (level 11, 0/97 HPs)
             Began as a Minotaur Fighter on May 15, 2023.
             Was an Initiate of Gozag.
             Killed from afar by a gargoyle (23 damage)
             ... with a stone arrow
             ... on level 10 of the Dungeon.
             The game lasted 00:09:08 (8546 turns).

qeuew the Protected (Minotaur Fighter)              Turns: 8546, Time: 00:09:09

Health: 0/97       AC: 15    Str: 31    XL:     11   Next: 29%
Magic:  10/10      EV: 15    Int:  7    God:    Gozag
Gold:   1567       SH:  8    Dex: 20    Spells: 10/10 levels left

rFire   . . .        a - +1 war axe
rCold   . . .        c - +1 buckler
rNeg    . . .        b - +0 scale mail
rPois   .            w - +0 hat {Will+}
rElec   .            k - +1 cloak of Gozag's Wrath {Dex+6}
rCorr   .            (no gloves)
SInv    .            (no boots)
Will    +....        (no amulet) Stlth
                     u - +4 ring of protection
HPRegen 0.36/turn    r - +6 ring of strength
MPRegen 0.12/turn

%: clarity
@: no status effects
A: horns 2, retaliatory headbutt, agile 1, clarity, clever 1, strong 1
a: Renounce Religion, Potion Petition, Call Merchant, Bribe Branch


You were on level 10 of the Dungeon.
You worshipped Gozag.
Gozag was most pleased with you.
You visited 1 branch of the dungeon, and saw 10 of its levels.

You collected 1712 gold pieces.
You paid 145 gold pieces to Gozag.

Inventory:

Hand Weapons
 a - a +1 war axe (weapon)
Missiles
 m - a throwing net (quivered)
Armour
 b - a +0 scale mail (worn)
 c - a +1 buckler (worn)
 k - the +1 cloak of Gozag's Wrath (worn) {Dex+6}
   (You found it on level 4 of the Dungeon)

   Dex:       It affects your dexterity (+6).
 w - a +0 hat of willpower (worn)
Jewellery
 r - a +6 ring of strength (right hand)
 u - a +4 ring of protection (left hand)
 y - a ring of see invisible
 z - a ring of flight
Wands
 j - a wand of roots (4)
 n - a wand of flame (60)
 t - a wand of digging (7)
 x - a wand of charming (4)
Scrolls
 e - 3 scrolls of enchant armour
 i - 5 scrolls of teleportation
 p - 2 scrolls of fear
 s - 4 scrolls of enchant weapon
 v - a scroll of silence
 D - a scroll of magic mapping {unknown}
Potions
 d - 2 potions of might
 g - a potion of ambrosia
 h - a potion of magic
 l - a potion of invisibility
 o - 2 potions of mutation
 q - a potion of curing
 A - a potion of brilliance {unknown}
 B - a potion of flight {unknown}
 C - a potion of haste


   Skills:
 + Level 9.0 Fighting
 + Level 8.6 Axes
 * Level 12.3 Armour
 + Level 7.4 Dodging
 + Level 9.1 Shields
 + Level 5.1 Evocations


You had 10 spell levels left.
You didn't know any spells.
Your spell library contained the following spells:

 Spells                   Type           Power      Damage    Failure   Level
 Apportation              Tloc           0%         N/A       65%         1
 Summon Small Mammal      Summ           0%         N/A       65%         1
 Blink                    Tloc           0%         N/A       80%         2
 Ensorcelled Hibernation  Hex/Ice        0%         N/A       80%         2
 Lesser Beckoning         Tloc           0%         N/A       80%         2
 Momentum Strike          Conj/Tloc      0%         3d8       80%         2
 Call Canine Familiar     Summ           0%         N/A       95%         3
 Dazzling Flash           Conj/Hex       0%         N/A       95%         3
 Ignite Poison            Fire/Tmut/Pois 0%         N/A       95%         3
 Spider Form              Tmut/Pois      0%         N/A       95%         3
 Summon Guardian Golem    Hex/Summ       0%         N/A       95%         3
 Volatile Blastmotes      Fire/Tloc      0%         2d10      95%         3
 Anguish                  Hex/Necr       0%         N/A       100%        4
 Iskenderun's Mystic Bla  Conj/Tloc      0%         2d3       100%        4
 Sticky Flame             Conj/Fire      0%         2d3       100%        4
 Alistair's Intoxication  Tmut/Pois      0%         N/A       100%        5
 Starburst                Conj/Fire      0%         6d3       100%        6
 Ignition                 Fire           0%         3d3       100%        8


Dungeon Overview and Level Annotations

Branches:
Dungeon (10/15)            Temple (0/1) D:5
   Lair: D:8-11         Orc: D:9-12

Altars:
Cheibriados
Gozag
Hepliaklqana
Kikubaaqudgha
Makhleb
Wu Jian
Zin

Shops:
D:2 (   D:6 *


Innate Abilities, Weirdness & Mutations

You have a pair of horns on your head.
You reflexively headbutt those who attack you in melee.
You are agile. (Dex +4, Str/Int -1)
You possess an exceptional clarity of mind.
Your mind is acute. (Int +4, Str/Dex -1)
Your muscles are strong. (Str +4, Int/Dex -1)


Message History

The gargoyle is heavily damaged.
You completely miss the komodo dragon. You block the komodo dragon's attack.
The gargoyle misses you.
You barely miss the gargoyle.
You headbutt the gargoyle, but do no damage.
The gargoyle is heavily damaged.
You closely miss the komodo dragon. You block the komodo dragon's attack.
You block the gargoyle's attack.
You hit the gargoyle but do no damage.
The gargoyle is heavily damaged.
You hit the komodo dragon. The komodo dragon bites you!!
The gargoyle hurls a stone arrow at you.
You block the stone arrow.
You are too injured to fight recklessly!
You are too injured to fight recklessly!
You are too injured to fight recklessly!
You are too injured to fight recklessly!
You are too injured to fight recklessly!
You are too injured to fight recklessly!
You are too injured to fight recklessly!
You are too injured to fight recklessly!
You are too injured to fight recklessly!
You are too injured to fight recklessly!
You are too injured to fight recklessly!
You are too injured to fight recklessly!
You are too injured to fight recklessly!
Unknown command.
You slash the komodo dragon! You headbutt the komodo dragon.
The komodo dragon is almost dead.
You completely miss the gargoyle. The komodo dragon bites you!
The gargoyle hurls a stone arrow at you.
The stone arrow hits you!!
* * * LOW HITPOINT WARNING * * *
Unknown command.
You feel much better. The komodo dragon bites you.
* * * LOW HITPOINT WARNING * * *
The gargoyle hurls a stone arrow at you.
The stone arrow hits you!!
You die...
Your body crumbles into a pile of gold.

..#..... .....
##....#........
###.. ###
#...#..........
..... ... ##...#....
..... ...[#
#.###........##....
. #
#........#........ .
#.......#.....# ...
.
#.<..##.#...9.#.....
..#
#.....#.....@l......
...
#..#................
##..
#..###..............
....
#..##.......####....
.≈.8 ##.#.[.......#
... .≈..
#.............. ..
.≈§.
##.............. .
§§≈.
#............#..
.≈≈.
###...........##
.≈≈_


You could see a komodo dragon and a gargoyle.

Vanquished Creatures
  Gastronok (D:8)
  A two-headed ogre (D:9)
  Pikel (D:8)
  A deep elf pyromancer (D:7)
  A komodo dragon (D:9)
  2 hornets (D:9)
  3 trolls (D:9)
  3 wyverns
  10 yaks (D:9)
  2 shadows (D:10)
  2 vampires (D:9)
  3 vampire mosquitoes (D:10)
  2 sky beasts
  An ice beast (D:7)
  An orc warrior (D:9)
  3 ogres
  10 centaurs
  A phantom (D:5)
  2 kobold brigands (D:9)
  2 bullfrogs
  5 scorpions
  A wight (D:9)
  6 killer bees (D:7)
  6 howler monkeys
  4 hounds
  A gnoll bouda (D:9)
  A jelly (D:4)
  Crazy Yiuf (D:7)
  3 iguanas
  6 orc wizards
  7 gnolls
  5 adders
  2 white imps
  7 worms
  3 dart slugs
  18 orcs
  6 bats
  8 endoplasms
  8 giant cockroaches
  8 goblins
  8 hobgoblins
  7 jackals
  3 quokkas
  5 ball pythons
  2 frilled lizards
  5 kobolds
  2 rats
  A spectral goblin (D:8)
191 creatures vanquished.

Vanquished Creatures (others)
  A boggart (D:9)
1 creature vanquished.

Grand Total: 192 creatures vanquished

Notes
Turn   | Place    | Note
-------+----------+-------------------------------------------
     0 | D:1      | qeuew the Minotaur Fighter began the quest for the Orb.
     0 | D:1      | Reached XP level 1. HP: 19/19 MP: 0/0
   220 | D:1      | Reached XP level 2. HP: 27/27 MP: 1/1
   440 | D:1      | Reached skill level 4 in Armour
   765 | D:2      | Reached skill level 1 in Dodging
   842 | D:2      | Reached XP level 3. HP: 33/33 MP: 2/2
   845 | D:2      | Found Qouwn's Antique Weapon Shoppe.
  1625 | D:3      | Reached XP level 4. HP: 34/40 MP: 3/3
  1693 | D:3      | You fall into a shaft and drop 3 floors!
  1809 | D:5      | Entered Level 5 of the Dungeon
  1820 | D:5      | Noticed a scorpion
  1823 | D:5      | Killed a scorpion
  1824 | D:5      | Reached skill level 5 in Armour
  1824 | D:5      | Reached XP level 5. HP: 47/47 MP: 4/4
  2517 | D:4      | Reached XP level 6. HP: 36/53 MP: 5/5
  2778 | D:4      | Identified the +1 cloak of Gozag's Wrath {Dex+6}
  2829 | D:5      | Found an opulent altar of Gozag.
  2850 | D:5      | Reached skill level 5 in Shields
  2854 | D:5      | Reached skill level 6 in Armour
  2860 | D:5      | Reached skill level 5 in Fighting
  2860 | D:5      | Reached XP level 7. HP: 61/61 MP: 6/6
  2867 | D:5      | Became a worshipper of Gozag Ym Sagoz the Greedy
  2892 | D:5      | Found a staircase to the Ecumenical Temple.
  3321 | D:5      | Reached skill level 7 in Armour
  3463 | D:5      | Reached skill level 5 in Axes
  3739 | D:6      | Reached XP level 8. HP: 70/70 MP: 7/7
  3895 | D:6      | Found Gyude's Mayhem Merchandise.
  4312 | D:7      | Reached skill level 1 in Evocations
  4325 | D:7      | Reached skill level 8 in Armour
  4677 | D:7      | Noticed a deep elf pyromancer
  4689 | D:7      | Killed a deep elf pyromancer
  4690 | D:7      | Reached XP level 9. HP: 33/78 MP: 8/8
  4907 | D:7      | Reached skill level 9 in Armour
  5003 | D:7      | Reached skill level 5 in Dodging
  5320 | D:7      | Found a runed translucent door.
  5321 | D:7      | Noticed Crazy Yiuf
  5380 | D:7      | Paralysed by Crazy Yiuf for 2 turns
  5384 | D:7      | Killed Crazy Yiuf
  5415 | D:7      | Gained mutation: Your mind is acute. (Int +4, Str/Dex -1)
                  | [potion of mutation]
  5415 | D:7      | Gained mutation: You have hidden genetic potential. [potion
                  | of mutation]
  5415 | D:7      | Gained mutation: You are agile. (Dex +4, Str/Int -1)
                  | [potion of mutation]
  5476 | D:8      | Noticed Gastronok
  5493 | D:8      | Killed Gastronok
  5494 | D:8      | Reached skill level 10 in Armour
  5600 | D:8      | Noticed Pikel
  5607 | D:8      | Killed Pikel
  5695 | D:8      | Reached XP level 10. HP: 54/86 MP: 9/9
  5817 | D:8      | Identified the +0 ring mail of Kiviado {rF+ rC++ Dex-4}
  5839 | D:8      | Found an ornate altar of the Wu Jian Council.
  5943 | D:8      | Found a hazy altar of Hepliaklqana.
  6461 | D:9      | Gained mutation: Your muscles are strong. (Str +4, Int/Dex
                  | -1) [hidden potential]
  6614 | D:9      | Reached skill level 11 in Armour
  6856 | D:9      | Paralysed by a hornet for 3 turns
  7475 | D:9      | Found an ancient bone altar of Kikubaaqudgha.
  7503 | D:9      | Found a burning altar of Makhleb.
  7933 | D:9      | Noticed a two-headed ogre
  7938 | D:9      | Reached XP level 11. HP: 92/95 MP: 10/10
  7942 | D:9      | Killed a two-headed ogre
  7943 | D:9      | Reached skill level 12 in Armour
  7965 | D:9      | Gained mutation: You possess an exceptional clarity of
                  | mind. [hidden potential]
  7965 | D:9      | Lost mutation: You have hidden genetic potential. [hidden
                  | potential expressed]
  8290 | D:10     | Entered Level 10 of the Dungeon
  8364 | D:10     | Found a glowing silver altar of Zin.
  8380 | D:10     | Reached skill level 5 in Evocations
  8488 | D:10     | Found a snail-covered altar of Cheibriados.
  8545 | D:10     | HP: 3/97 [gargoyle/stone arrow (28)]
  8546 | D:10     | Killed from afar by a gargoyle

Illustrated notes

Levels and vault maps discovered:
D:1:      minmay_arrival_open_corners, layout_basic, minmay_gold_behind_fungi,
          serial_bayou_pond_b, palyth_stone_intersect
D:2:      layout_basic, serial_shops, nicolae_shop_hallway_stairs,
          eino_curves_01
D:3:      layout_rooms
D:4:      layout_rooms
D:5:      layout_rooms, grunt_gozag_statues, minmay_temple_entry_waves
D:6:      layout_rooms, hangedman_decor_peaks_small, minmay_shop_mayhem
D:7:      layout_basic, guppyfry_early_elven_hall, uniq_crazy_yiuf_cottage
D:8:      layout_loops_cross, nicolae_wu_jian_wuxing_cycle,
          nicolae_hepliaklqana_monster_ancestors, uniq_pikel, uniq_gastronok
D:9:      minmay_quarter_circles, layout_basic, amcnicky_altar_gilded,
          lemuel_doored_altar
D:10:     layout_cave_pools, mainiacjoe_overflow_catwalk, slow_altar_1,
          david_lair_shrubbed

Skill      XL: |  1  2  3  4  5  6  7  8  9 10 11 |
---------------+----------------------------------+-----
Armour         | 4 5 6 7 8 10 11 12 | 12.3
Dodging        | 1 2 3 4 6 7 |  7.4
Shields        | 4 5 6 7 8 9 |  9.1
Fighting       | 4 5 6 7 8 9 |  9.0
Axes           | 3 4 5 6 7 8 |  8.6
Evocations     | 2 3 4 5 |  5.1

Action                     |  1- 3 |  4- 6 |  7- 9 | 10-12 || total
---------------------------+-------+-------+-------+-------++-------
  Melee: War axe           |    77 |   107 |   160 |   184 ||   528
         Headbutt          |     9 |    13 |    27 |    47 ||    96
    Use: Scroll            |     5 |     5 |     6 |     2 ||    18
         Potion            |     1 |     2 |     4 |     2 ||     9
 Armour: Scale mail        |    32 |    33 |    74 |    65 ||   204
  Dodge: Dodged            |    31 |    56 |    98 |   141 ||   326
  Block: Buckler           |    14 |    26 |    69 |   124 ||   233
